[Event "GambitGuide"]
[Site "Internet Chess Club"]
[Date "2014.10.31"]
[Round "1"]
[White "JSBach"]
[Black "felixthecat"]
[Result "1-0"]
[ICCResult "Black checkmated"]
[WhiteElo "1613"]
[BlackElo "1346"]
[Opening "Vienna: `Frankenstein-Dracula' variation"]
[ECO "C27"]
[NIC "VG.02"]
[Time "05:39:38"]
[TimeControl "120+12"]

1. e4 e5 2. Nc3 Nf6 3. Bc4 Nxe4 4. Qh5 Nd6 5. Bb3 Nc6 6. Nb5 g6 7. Qf3 f5 8.
Qd5 Qe7 9. Nxc7+ Kd8 10. Nxa8 b6 11. Ba4 Bg7 12. Bxc6 dxc6 13. Qb3 Qb7 14.
Qb4 Bf8 15. f4 e4 16. Qd4 Bg7 17. Qxd6+ Bd7 18. Nxb6 axb6 19. Nh3 c5 20. Ng5
Qc7 21. Ne6+ Kc8 22. Qxc7# {Black checkmated} 1-0

[Event "GambitGuide"]
[Site "Internet Chess Club"]
[Date "2014.10.31"]
[Round "1"]
[White "JSBach"]
[Black "efc1985"]
[Result "1-0"]
[ICCResult "Black resigns"]
[WhiteElo "1613"]
[BlackElo "1292"]
[Opening "Vienna: `Frankenstein-Dracula' variation"]
[ECO "C27"]
[NIC "VG.02"]
[Time "05:37:28"]
[TimeControl "120+12"]

1. e4 e5 2. Nc3 Nf6 3. Bc4 Nxe4 4. Qh5 Nd6 5. Bb3 Nc6 6. Nb5 g6 7. Qf3 f5 8.
Qd5 Qe7 9. Nxc7+ Kd8 10. Nxa8 b6 11. Ba4 Bb7 12. Nxb6 axb6 13. Qb3 Bh6 14.
d3 Bxc1 15. Qxb6+ Ke8 16. Rxc1 Qg5 17. Qe3 Qxg2 18. Bxc6 Bxc6 19. Qxe5+ Kd8
20. Qxh8+ Kc7 21. Qxh7 Qxh1 22. Qxg6 Qxh2 23. Qg3 Qh6 24. Kd1 f4 25. Qg4 Qf6
26. c3 Bd5 27. Ne2 f3 28. Nd4 Bxa2 29. b3 {Black resigns} 1-0

[Event "GambitGuide"]
[Site "Internet Chess Club"]
[Date "2014.10.31"]
[Round "1"]
[White "JSBach"]
[Black "felixthecat"]
[Result "1-0"]
[ICCResult "Black resigns"]
[WhiteElo "1613"]
[BlackElo "1346"]
[Opening "Vienna: `Frankenstein-Dracula' variation"]
[ECO "C27"]
[NIC "VG.02"]
[Time "05:41:37"]
[TimeControl "120+12"]

1. e4 e5 2. Nc3 Nf6 3. Bc4 Nxe4 4. Qh5 Nd6 5. Bb3 Nc6 6. Nb5 g6 7. Qf3 f5 8.
Qd5 Qe7 9. Nxc7+ Kd8 10. Nxa8 b6 11. Ba4 Bb7 12. Nxb6 axb6 13. Qb3 Kc7 14.
Ne2 Na5 15. Qh3 Bg7 16. c3 Qe6 17. Qg3 Ne4 18. Qh4 Bf6 19. Qh3 Qc4 20. b3
Qd5 21. c4 Qc5 22. O-O Nc6 23. d3 Ng5 24. Qh6 Nd4 25. Nxd4 Qxd4 26. Bxg5
Bxg5 27. Qxg5 Bc6 28. Bxc6 dxc6 29. Qe7+ Qd7 30. Qxe5+ Qd6 31. Qxh8
{Black resigns}
1-0

[Event "GambitGuide"]
[Site "Internet Chess Club"]
[Date "2014.10.31"]
[Round "1"]
[White "JSBach"]
[Black "efc1985"]
[Result "1-0"]
[ICCResult "Black resigns"]
[WhiteElo "1613"]
[BlackElo "1292"]
[Opening "Vienna: `Frankenstein-Dracula' variation"]
[ECO "C27"]
[NIC "VG.02"]
[Time "05:43:04"]
[TimeControl "120+12"]

1. e4 e5 2. Nc3 Nf6 3. Bc4 Nxe4 4. Qh5 Nd6 5. Bb3 Nc6 6. Nb5 g6 7. Qf3 f5 8.
Qd5 Qe7 9. Nxc7+ Kd8 10. Nxa8 b6 11. Ba4 Bb7 12. Nxb6 axb6 13. Qb3 b5 14.
Nf3 bxa4 15. Qxa4 Bh6 16. O-O Ne4 17. Qb5 Nd6 18. Qb6+ Ke8 19. d4 e4 20.
Bxh6 exf3 21. Rae1 Ne4 22. Qxb7 Qh4 23. gxf3 Qh5 24. Qc8+ Kf7 25. Qxh8 Qxh6
26. fxe4 Nxd4 27. Qxd4 {Black resigns} 1-0

[Event "GambitGuide"]
[Site "Internet Chess Club"]
[Date "2014.10.31"]
[Round "1"]
[White "JSBach"]
[Black "kikicat"]
[Result "1-0"]
[ICCResult "Black checkmated"]
[WhiteElo "1613"]
[BlackElo "1722"]
[Opening "Vienna: `Frankenstein-Dracula' variation"]
[ECO "C27"]
[NIC "VG.02"]
[Time "05:43:14"]
[TimeControl "120+12"]

1. e4 e5 2. Nc3 Nf6 3. Bc4 Nxe4 4. Qh5 Nd6 5. Bb3 Nc6 6. Nb5 g6 7. Qf3 f5 8.
Qd5 Qe7 9. Nxc7+ Kd8 10. Nxa8 b6 11. Ba4 Bb7 12. Nxb6 axb6 13. Qb3 Nc8 14.
Nf3 Na5 15. Qe3 Bg7 16. a3 d5 17. Bb5 d4 18. Qe2 e4 19. Ng1 Nd6 20. Ba4 b5
21. Bb3 Nxb3 22. cxb3 Bd5 23. a4 Bxb3 24. axb5 d3 25. Ra8+ Nc8 26. Qe3 Qd6
27. Ra6 Qd5 28. Rc6 Qxb5 29. Rc5 Qb6 30. Rxc8+ Kxc8 31. Qxb6 Bd5 32. Qc5+
Kd7 33. Qxd5+ Ke7 34. Qc5+ Kf7 35. b4 Re8 36. b5 Ke6 37. b6 Kd7 38. Qd5+ Kc8
39. Qc6+ Kd8 40. Qc7# {Black checkmated} 1-0

[Event "GambitGuide"]
[Site "Internet Chess Club"]
[Date "2014.10.31"]
[Round "1"]
[White "JSBach"]
[Black "Tobissimo"]
[Result "1-0"]
[ICCResult "Black resigns"]
[WhiteElo "1613"]
[BlackElo "1795"]
[Opening "Vienna: `Frankenstein-Dracula' variation"]
[ECO "C27"]
[NIC "VG.02"]
[Time "05:44:31"]
[TimeControl "120+12"]

1. e4 e5 2. Nc3 Nf6 3. Bc4 Nxe4 4. Qh5 Nd6 5. Bb3 Nc6 6. Nb5 g6 7. Qf3 f5 8.
Qd5 Qe7 9. Nxc7+ Kd8 10. Nxa8 b6 11. Ba4 Bb7 12. Nxb6 axb6 13. Qb3 Kc7 14.
Ne2 Ne4 15. Qb5 Qh4 16. g3 Qf6 17. d3 Nc5 18. O-O Bd6 19. Nc3 Nd4 20. Qb4
Ra8 21. Qc4 Ba6 22. Qxc5+ bxc5 23. Nd5+ Kd8 24. Nxf6 Bxd3 25. cxd3 Rxa4 26.
Nxh7 Be7 27. Be3 {Black resigns} 1-0

[Event "GambitGuide"]
[Site "Internet Chess Club"]
[Date "2014.10.31"]
[Round "1"]
[White "JSBach"]
[Black "AceKings"]
[Result "1-0"]
[ICCResult "Black checkmated"]
[WhiteElo "1613"]
[BlackElo "1585"]
[Opening "Vienna: `Frankenstein-Dracula' variation"]
[ECO "C27"]
[NIC "VG.02"]
[Time "05:47:24"]
[TimeControl "120+12"]

1. e4 e5 2. Nc3 Nf6 3. Bc4 Nxe4 4. Qh5 Nd6 5. Bb3 Nc6 6. Nb5 g6 7. Qf3 f5 8.
Qd5 Qe7 9. Nxc7+ Kd8 10. Nxa8 b6 11. Ba4 Bb7 12. Nxb6 axb6 13. Qb3 Nd4 14.
Qxb6+ Kc8 15. Kf1 Nc4 16. Qa7 Qb4 17. c3 Qc5 18. Bxd7+ Kxd7 19. Qxb7+ Kd6
20. cxd4 Qxd4 21. Ne2 Qd3 22. Qf7 Bh6 23. Qf6+ Kd5 24. Qxh8 Ke4 25. Qa8+ Qd5
26. d3+ Kxd3 27. Qxd5+ Kc2 28. Qxc4+ Kd1 29. Bxh6# {Black checkmated} 1-0

[Event "GambitGuide"]
[Site "Internet Chess Club"]
[Date "2014.10.31"]
[Round "1"]
[White "JSBach"]
[Black "DanielAra"]
[Result "1-0"]
[ICCResult "Black checkmated"]
[WhiteElo "1613"]
[BlackElo "2051"]
[Opening "Vienna: `Frankenstein-Dracula' variation"]
[ECO "C27"]
[NIC "VG.02"]
[Time "05:47:16"]
[TimeControl "120+12"]

1. e4 e5 2. Nc3 Nf6 3. Bc4 Nxe4 4. Qh5 Nd6 5. Bb3 Nc6 6. Nb5 g6 7. Qf3 f5 8.
Qd5 Qe7 9. Nxc7+ Kd8 10. Nxa8 b6 11. Ba4 Bb7 12. Nxb6 axb6 13. Qb3 Kc7 14.
Ne2 Bg7 15. Nc3 Nd4 16. Nd5+ Bxd5 17. Qxd5 b5 18. Bb3 Nxb3 19. axb3 Rb8 20.
Ra6 Rb6 21. Ra8 Nb7 22. Qg8 Bh6 23. Qc8+ Kd6 24. Rb8 Rc6 25. Qxb7 Rxc2 26.
Ke2 Qg5 27. Re1 Qh5+ 28. Kf1 Qxh2 29. Qa6+ Rc6 30. Qa3+ Kc7 31. Rxb5 Qh1+
32. Ke2 Qxg2 33. Qa5+ Kc8 34. Qa8+ Kc7 35. Qb8# {Black checkmated} 1-0

[Event "GambitGuide"]
[Site "Internet Chess Club"]
[Date "2014.10.31"]
[Round "1"]
[White "JSBach"]
[Black "kikicat"]
[Result "1-0"]
[ICCResult "Black resigns"]
[WhiteElo "1613"]
[BlackElo "1722"]
[Opening "Vienna: `Frankenstein-Dracula' variation"]
[ECO "C27"]
[NIC "VG.02"]
[Time "05:46:52"]
[TimeControl "120+12"]

1. e4 e5 2. Nc3 Nf6 3. Bc4 Nxe4 4. Qh5 Nd6 5. Bb3 Nc6 6. Nb5 g6 7. Qf3 f5 8.
Qd5 Qe7 9. Nxc7+ Kd8 10. Nxa8 b6 11. Ba4 Nb4 12. Qb3 Ne4 13. d3 Nf6 14. Qc3
Bb7 15. Qc7+ Ke8 16. Qb8+ Kf7 17. Qxb7 Nfd5 18. Qxa7 Bg7 19. Nxb6 Nxb6 20.
Qxb6 Rc8 21. Qb7 Rxc2 22. Kf1 Qc5 23. Qxd7+ Kf6 24. Qd8+ Ke6 25. Bb3+
{Black resigns}
1-0

[Event "GambitGuide"]
[Site "Internet Chess Club"]
[Date "2014.10.31"]
[Round "1"]
[White "JSBach"]
[Black "efc1985"]
[Result "1-0"]
[ICCResult "Black resigns"]
[WhiteElo "1613"]
[BlackElo "1292"]
[Opening "Vienna: `Frankenstein-Dracula' variation"]
[ECO "C27"]
[NIC "VG.02"]
[Time "05:46:04"]
[TimeControl "120+12"]

1. e4 e5 2. Nc3 Nf6 3. Bc4 Nxe4 4. Qh5 Nd6 5. Bb3 Nc6 6. Nb5 g6 7. Qf3 f5 8.
Qd5 Qe7 9. Nxc7+ Kd8 10. Nxa8 b6 11. Ba4 Bb7 12. Nxb6 axb6 13. Qb3 b5 14.
Nf3 bxa4 15. Qxa4 e4 16. Nd4 Nxd4 17. Qxd4 Bg7 18. Qc5 Qe5 19. Qxe5 Bxe5 20.
a4 f4 21. a5 Ba6 22. Ra3 Nc4 23. Ra4 Re8 24. b3 Nd6 25. c4 Nf5 26. h3 Nd4
27. Bb2 Nf3+ 28. Ke2 Bxb2 29. Rb1 Bd4 30. gxf3 exf3+ 31. Kxf3 g5 32. d3 h5
33. Rb4 Kc7 34. Kg2 Re2 35. Rf1 Bb7+ 36. Kg1 g4 37. hxg4 hxg4 38. c5 Bxc5
39. Rxf4 Bf3 40. b4 Bd6 41. Rc4+ Kd8 42. b5 Ra2 43. a6 Rb2 44. Ra4 Rxb5 45.
a7 Ba8 46. Rxg4 Bd5 47. Rg8+ Kc7 48. Rc1+ Kb6 49. Rb8+ Ka6 50. Ra1+ Ra5 51.
a8=Q+ Bxa8 52. Rxa8+ {Black resigns} 1-0

[Event "GambitGuide"]
[Site "Internet Chess Club"]
[Date "2014.10.31"]
[Round "1"]
[White "JSBach"]
[Black "DanielAra"]
[Result "1-0"]
[ICCResult "Black resigns"]
[WhiteElo "1613"]
[BlackElo "2051"]
[Opening "Vienna: `Frankenstein-Dracula' variation"]
[ECO "C27"]
[NIC "VG.02"]
[Time "05:49:26"]
[TimeControl "120+12"]

1. e4 e5 2. Nc3 Nf6 3. Bc4 Nxe4 4. Qh5 Nd6 5. Bb3 Nc6 6. Nb5 g6 7. Qf3 f5 8.
Qd5 Qe7 9. Nxc7+ Kd8 10. Nxa8 b6 11. Ba4 Bb7 12. Nxb6 axb6 13. Qb3 Nc8 14.
Ne2 Nd4 15. Nxd4 exd4+ 16. Kf1 Qe4 17. f3 Qh4 18. Qb5 Bc6 19. Qe5 Bxa4 20.
Qxh8 Ke8 21. Qe5+ Ne7 22. b3 Bc6 23. Qb8+ Kf7 24. Qxb6 Nd5 25. Qb8 Bb4 26.
Qg3 Qf6 27. Qh3 h5 28. a4 Nf4 29. Qg3 g5 30. a5 h4 31. Qf2 Bb5+ 32. d3 h3
33. Bxf4 hxg2+ 34. Kxg2 gxf4 35. Rhg1 Bc3 36. Ra3 Qd6 37. Ra2 Ba6 38. Qh4
Qe6 39. Qxf4 Qe2+ 40. Kh1 {Black resigns} 1-0

[Event "GambitGuide"]
[Site "Internet Chess Club"]
[Date "2014.10.31"]
[Round "1"]
[White "JSBach"]
[Black "felixthecat"]
[Result "1-0"]
[ICCResult "Black resigns"]
[WhiteElo "1613"]
[BlackElo "1346"]
[Opening "Vienna: `Frankenstein-Dracula' variation"]
[ECO "C27"]
[NIC "VG.02"]
[Time "05:45:22"]
[TimeControl "120+12"]

1. e4 e5 2. Nc3 Nf6 3. Bc4 Nxe4 4. Qh5 Nd6 5. Bb3 Nc6 6. Nb5 g6 7. Qf3 f5 8.
Qd5 Qe7 9. Nxc7+ Kd8 10. Nxa8 b6 11. Ba4 Bb7 12. Nxb6 axb6 13. Qb3 b5 14.
Nf3 bxa4 15. Qxa4 Bg7 16. d3 Nc8 17. Bg5 Bf6 18. Bxf6 Qxf6 19. Qb5 Kc7 20.
O-O Nb6 21. Rae1 Re8 22. d4 e4 23. d5 Ne5 24. Nxe5 Qxe5 25. c4 Nc8 26. a4
Qd4 27. Qb4 Qb6 28. Qa3 d6 29. a5 Qc5 30. Qa4 Re7 31. h3 Ba6 32. b3 Kb7 33.
Re2 Na7 34. Rfe1 Nc8 35. h4 h5 36. Kh1 Qc7 37. Kg1 Qd7 38. Qa3 Re5 39. Re3
Ne7 40. Qb4+ Ka8 41. Qb6 Qb7 42. Qxd6 Nxd5 43. Qxe5 Nxe3 44. Rxe3 Qb8 45.
Qxb8+ Kxb8 46. Rg3 Bc8 47. Rxg6 f4 48. Rg5 Bg4 49. Rxg4 hxg4 50. c5 Kc7 51.
h5 {Black resigns} 1-0

[Event "GambitGuide"]
[Site "Internet Chess Club"]
[Date "2014.10.31"]
[Round "1"]
[White "JSBach"]
[Black "DanielAra"]
[Result "1-0"]
[ICCResult "Black resigns"]
[WhiteElo "1613"]
[BlackElo "2051"]
[Opening "Vienna: `Frankenstein-Dracula' variation"]
[ECO "C27"]
[NIC "VG.02"]
[Time "05:52:08"]
[TimeControl "120+12"]

1. e4 e5 2. Nc3 Nf6 3. Bc4 Nxe4 4. Qh5 Nd6 5. Bb3 Nc6 6. Nb5 g6 7. Qf3 f5 8.
Qd5 Qe7 9. Nxc7+ Kd8 10. Nxa8 b6 11. Ba4 Bb7 12. Nxb6 axb6 13. Qb3 Nd4 14.
Qxb6+ Ke8 15. Kf1 Bh6 16. c3 Ne6 17. d4 Bxc1 18. dxe5 Nc4 19. Qxb7 Bxb2 20.
Rd1 Nc5 21. Qc8+ Kf7 22. Qxh8 Ke6 23. Qg8+ Kxe5 24. Qxc4 {Black resigns} 1-0

[Event "GambitGuide"]
[Site "Internet Chess Club"]
[Date "2014.10.31"]
[Round "1"]
[White "JSBach"]
[Black "efc1985"]
[Result "1-0"]
[ICCResult "Black resigns"]
[WhiteElo "1613"]
[BlackElo "1292"]
[Opening "Vienna: `Frankenstein-Dracula' variation"]
[ECO "C27"]
[NIC "VG.02"]
[Time "05:51:40"]
[TimeControl "120+12"]

1. e4 e5 2. Nc3 Nf6 3. Bc4 Nxe4 4. Qh5 Nd6 5. Bb3 Nc6 6. Nb5 g6 7. Qf3 f5 8.
Qd5 Qe7 9. Nxc7+ Kd8 10. Nxa8 b6 11. Ba4 Bb7 12. Nxb6 Nb4 13. Qa5
{Black resigns}
1-0

[Event "GambitGuide"]
[Site "Internet Chess Club"]
[Date "2014.10.31"]
[Round "1"]
[White "JSBach"]
[Black "felixthecat"]
[Result "1-0"]
[ICCResult "Black resigns"]
[WhiteElo "1595"]
[BlackElo "1346"]
[Opening "Vienna: `Frankenstein-Dracula' variation"]
[ECO "C27"]
[NIC "VG.02"]
[Time "05:53:33"]
[TimeControl "120+12"]

1. e4 e5 2. Nc3 Nf6 3. Bc4 Nxe4 4. Qh5 Nd6 5. Bb3 Nc6 6. Nb5 g6 7. Qf3 f5 8.
Qd5 Qe7 9. Nxc7+ Kd8 10. Nxa8 b6 11. Ba4 Bb7 12. Nxb6 axb6 13. Qb3 b5 14.
Nf3 Ba6 15. Kd1 bxa4 16. Qb6+ Ke8 17. Qxa6 e4 18. Re1 Bg7 19. Qxa4 g5 20. d4
g4 21. Bg5 Bf6 22. d5 Nd8 23. Bxf6 Qxf6 24. Qd4 Rf8 25. Qxf6 Rxf6 26. Ne5
N8f7 27. Nxf7 Kxf7 28. a4 Nc4 29. b3 Na5 30. b4 Nc4 31. Ke2 f4 32. Kf1 Rb6
33. b5 Na5 34. Rxe4 d6 35. Rxf4+ {Black resigns} 1-0

[Event "GambitGuide"]
[Site "Internet Chess Club"]
[Date "2014.10.31"]
[Round "1"]
[White "JSBach"]
[Black "kikicat"]
[Result "1-0"]
[ICCResult "Black resigns"]
[WhiteElo "1595"]
[BlackElo "1722"]
[Opening "Vienna: `Frankenstein-Dracula' variation"]
[ECO "C27"]
[NIC "VG.02"]
[Time "05:50:46"]
[TimeControl "120+12"]

1. e4 e5 2. Nc3 Nf6 3. Bc4 Nxe4 4. Qh5 Nd6 5. Bb3 Nc6 6. Nb5 g6 7. Qf3 f5 8.
Qd5 Qe7 9. Nxc7+ Kd8 10. Nxa8 b6 11. Ba4 Bb7 12. Nxb6 axb6 13. Qb3 Nc8 14.
Nf3 e4 15. Ng1 Nd4 16. Qg3 Bg7 17. Qb8 Ba6 18. Qa8 Bc4 19. c3 Ne6 20. Bb3 b5
21. Bxc4 bxc4 22. Qb7 Nc5 23. Qb8 Nd3+ 24. Kf1 Qh4 25. g3 Qg4 26. Kg2 Ne1+
27. Kf1 Nd3 28. Kg2 Ne1+ 29. Kf1 Qd1 30. Rb1 Nd3+ 31. Kg2 Qe1 32. Nh3 Qe2
33. b3 Ne1+ 34. Rxe1 Qxe1 35. Ng5 Rf8 36. bxc4 h6 37. Ba3 Rf6 38. Rxe1
{Black resigns}
1-0

[Event "GambitGuide"]
[Site "Internet Chess Club"]
[Date "2014.10.31"]
[Round "1"]
[White "JSBach"]
[Black "DanielAra"]
[Result "0-1"]
[ICCResult "White checkmated"]
[WhiteElo "1595"]
[BlackElo "2051"]
[Opening "Vienna: `Frankenstein-Dracula' variation"]
[ECO "C27"]
[NIC "VG.02"]
[Time "05:53:33"]
[TimeControl "120+12"]

1. e4 e5 2. Nc3 Nf6 3. Bc4 Nxe4 4. Qh5 Nd6 5. Bb3 Nc6 6. Nb5 g6 7. Qf3 f5 8.
Qd5 Qe7 9. Nxc7+ Kd8 10. Nxa8 b6 11. Ba4 Bb7 12. Nxb6 axb6 13. Qb3 Kc7 14.
Ne2 Bg7 15. Nc3 Nd4 16. Nd5+ Bxd5 17. Qxd5 b5 18. Bb3 Qg5 19. Qc5+ Nc6 20.
O-O Ne4 21. Qxb5 Nd4 22. Qc4+ Kd8 23. f4 exf4 24. c3 f3 25. g3 Nxg3 26. d3
Nge2+ 27. Kf2 Qg2+ 28. Ke1 Nxc3 29. Bg5+ Qxg5 30. bxc3 Qe3+ 31. Kd1 Qe2+ 32.
Kc1 Nxb3+ 33. axb3 Qxf1+ 34. Kb2 Qe2+ 35. Ka3 Ke7 36. Qc5+ d6 37. Qc7+ Ke6
38. Qc4+ Kf6 39. Qd5 f2 40. Qxd6+ Kf7 41. Qd7+ Qe7+ 42. Qxe7+ Kxe7 43. Kb2
Bh6 44. Rf1 Be3 45. d4 Ke6 46. b4 Kd5 47. Kc2 Kc4 48. h3 Ra8 49. Kb2 g5 50.
h4 g4 51. Rh1 h5 52. b5 Kxb5 53. Rb1 Kc4 54. Rh1 g3 55. Kc2 Ra2+ 56. Kb1 Re2
57. Rd1 g2 58. Rd2 f1=Q+ 59. Ka2 Rxd2+ 60. Ka3 Qa1# {White checkmated} 0-1

[Event "GambitGuide"]
[Site "Internet Chess Club"]
[Date "2014.10.31"]
[Round "1"]
[White "JSBach"]
[Black "BxlletproofICC"]
[Result "1-0"]
[ICCResult "Black resigns"]
[WhiteElo "1611"]
[BlackElo "1238"]
[Opening "Vienna: `Frankenstein-Dracula' variation"]
[ECO "C27"]
[NIC "VG.02"]
[Time "05:55:00"]
[TimeControl "120+12"]

1. e4 e5 2. Nc3 Nf6 3. Bc4 Nxe4 4. Qh5 Nd6 5. Bb3 Nc6 6. Nb5 g6 7. Qf3 f5 8.
Qd5 Qe7 9. Nxc7+ Kd8 10. Nxa8 b6 11. Ba4 Bb7 12. Nxb6 axb6 13. Qb3 Kc7 14.
Ne2 Bg7 15. a3 e4 16. Nf4 Nd4 17. Nd5+ Bxd5 18. Qxd5 f4 19. c3 N4f5 20. Rb1
e3 21. dxe3 fxe3 22. O-O exf2+ 23. Rxf2 Rf8 24. Bf4 Kc8 25. Qa8+ Kc7 26.
Qa7+ Kd8 27. Qb8+ Nc8 28. Qc7+ {Black resigns} 1-0

[Event "GambitGuide"]
[Site "Internet Chess Club"]
[Date "2014.10.31"]
[Round "1"]
[White "JSBach"]
[Black "DanielAra"]
[Result "0-1"]
[ICCResult "White checkmated"]
[WhiteElo "1611"]
[BlackElo "2051"]
[Opening "Vienna: `Frankenstein-Dracula' variation"]
[ECO "C27"]
[NIC "VG.02"]
[Time "05:58:32"]
[TimeControl "120+12"]

1. e4 e5 2. Nc3 Nf6 3. Bc4 Nxe4 4. Qh5 Nd6 5. Bb3 Nc6 6. Nb5 g6 7. Qf3 f5 8.
Qd5 Qe7 9. Nxc7+ Kd8 10. Nxa8 b6 11. Ba4 Bb7 12. Nxb6 axb6 13. Qb3 Kc7 14.
Nf3 e4 15. Nd4 Nxd4 16. Qc3+ Nc6 17. Qxh8 Ne5 18. Bb3 e3 19. fxe3 Bxg2 20.
Rf1 Qh4+ 21. Rf2 Ng4 22. Qc3+ Kb8 23. Kd1 Qxf2 24. Qc8+ Nxc8 25. c4 Be4 26.
h3 Qf1# {White checkmated} 0-1

[Event "GambitGuide"]
[Site "Internet Chess Club"]
[Date "2014.10.31"]
[Round "1"]
[White "JSBach"]
[Black "kikicat"]
[Result "1-0"]
[ICCResult "Black resigns"]
[WhiteElo "1611"]
[BlackElo "1722"]
[Opening "Vienna: `Frankenstein-Dracula' variation"]
[ECO "C27"]
[NIC "VG.02"]
[Time "05:56:43"]
[TimeControl "120+12"]

1. e4 e5 2. Nc3 Nf6 3. Bc4 Nxe4 4. Qh5 Nd6 5. Bb3 Nc6 6. Nb5 g6 7. Qf3 f5 8.
Qd5 Qe7 9. Nxc7+ Kd8 10. Nxa8 b6 11. Ba4 Bb7 12. Nxb6 axb6 13. Qb3 Kc7 14.
Ne2 Na5 15. Qg3 Ne4 16. Qh3 Ng5 17. Qg3 Ne4 18. Qh3 Ng5 19. Qg3 Ne4 20. Qh3
Ng5 21. Qg3 Ne4 22. Qh3 Ng5 23. Qg3 Ne4 24. Qh3 Ng5 25. Qg3 Ne4 26. Qh3 Qb4
27. Bb3 Qc5 28. O-O Ng5 29. Qg3 Be7 30. d4 {Black resigns} 1-0

[Event "GambitGuide"]
[Site "Internet Chess Club"]
[Date "2014.10.31"]
[Round "1"]
[White "JSBach"]
[Black "felixthecat"]
[Result "1-0"]
[ICCResult "Black resigns"]
[WhiteElo "1616"]
[BlackElo "1346"]
[Opening "Vienna: `Frankenstein-Dracula' variation"]
[ECO "C27"]
[NIC "VG.02"]
[Time "05:56:34"]
[TimeControl "120+12"]

1. e4 e5 2. Nc3 Nf6 3. Bc4 Nxe4 4. Qh5 Nd6 5. Bb3 Nc6 6. Nb5 g6 7. Qf3 f5 8.
Qd5 Qe7 9. Nxc7+ Kd8 10. Nxa8 b6 11. Ba4 Bb7 12. Nxb6 Nd4 13. Qc5 axb6 14.
Qxb6+ Ke8 15. Kf1 h6 16. c3 Nc6 17. d3 Bg7 18. Bb3 Qd8 19. Qxd8+ Nxd8 20. a4
Ba6 21. c4 Nc6 22. Nf3 Nb4 23. Nh4 g5 24. Ng6 Rg8 25. Ke2 Bf6 26. Bd2 Nc6
27. Nxe5 Bxe5 28. Rhe1 Bxb2 29. Rab1 Bd4 30. c5 Rg6 31. cxd6 Rxd6 32. h3 Bf6
33. Kd1+ Kd8 34. Bc4 Bc8 35. f4 Nd4 36. Ba5+ {Black resigns} 1-0

[Event "GambitGuide"]
[Site "Internet Chess Club"]
[Date "2014.10.31"]
[Round "1"]
[White "JSBach"]
[Black "felixthecat"]
[Result "1-0"]
[ICCResult "Black resigns"]
[WhiteElo "1630"]
[BlackElo "1346"]
[Opening "Vienna: `Frankenstein-Dracula' variation"]
[ECO "C27"]
[NIC "VG.02"]
[Time "06:01:10"]
[TimeControl "120+12"]

1. e4 e5 2. Nc3 Nf6 3. Bc4 Nxe4 4. Qh5 Nd6 5. Bb3 Nc6 6. Nb5 g6 7. Qf3 f5 8.
Qd5 Qe7 9. Nxc7+ Kd8 10. Nxa8 b6 11. Ba4 Qe6 12. Qxe6 dxe6 13. Bxc6 Bb7 14.
Bxb7 Nxb7 15. Nf3 Bd6 16. d4 exd4 17. Bg5+ Kd7 18. Nxb6+ axb6 19. Nxd4 Nc5
20. O-O-O Ra8 21. Nb5 Nb7 22. Bf4 Rxa2 23. Kb1 Ra5 24. Nxd6 Nxd6 25. Rxd6+
Ke7 26. Rxb6 Rd5 27. Re1 {Black resigns} 1-0

[Event "GambitGuide"]
[Site "Internet Chess Club"]
[Date "2014.10.31"]
[Round "1"]
[White "JSBach"]
[Black "kikicat"]
[Result "1-0"]
[ICCResult "Black resigns"]
[WhiteElo "1630"]
[BlackElo "1722"]
[Opening "Vienna: `Frankenstein-Dracula' variation"]
[ECO "C27"]
[NIC "VG.02"]
[Time "06:00:58"]
[TimeControl "120+12"]

1. e4 e5 2. Nc3 Nf6 3. Bc4 Nxe4 4. Qh5 Nd6 5. Bb3 Nc6 6. Nb5 g6 7. Qf3 f5 8.
Qd5 Qe7 9. Nxc7+ Kd8 10. Nxa8 b6 11. Ba4 Bb7 12. Nxb6 axb6 13. Qb3 Kc7 14.
Ne2 h5 15. Nc3 Na5 16. Nd5+ Bxd5 17. Qxd5 Qg5 18. d4 Qg4 19. Be3 f4 20. h3
Qg5 21. dxe5 fxe3 22. exd6+ {Black resigns} 1-0

[Event "GambitGuide"]
[Site "Internet Chess Club"]
[Date "2014.10.31"]
[Round "1"]
[White "JSBach"]
[Black "kikicat"]
[Result "1-0"]
[ICCResult "Black resigns"]
[WhiteElo "1630"]
[BlackElo "1722"]
[Opening "Vienna: `Frankenstein-Dracula' variation"]
[ECO "C27"]
[NIC "VG.02"]
[Time "06:04:14"]
[TimeControl "120+12"]

1. e4 e5 2. Nc3 Nf6 3. Bc4 Nxe4 4. Qh5 Nd6 5. Bb3 Nc6 6. Nb5 g6 7. Qf3 f5 8.
Qd5 Qe7 9. Nxc7+ Kd8 10. Nxa8 b6 11. Ba4 Nb4 12. Qb3 Ne4 13. d3 Nf6 14. Qc4
Nbd5 15. Bg5 h6 16. Bxf6 Nxf6 17. Qc7+ Ke8 18. Qxc8+ Kf7 19. Bb3+ Kg7 20.
Nc7 {Black resigns} 1-0

[Event "GambitGuide"]
[Site "Internet Chess Club"]
[Date "2014.10.31"]
[Round "1"]
[White "JSBach"]
[Black "cohnan"]
[Result "1-0"]
[ICCResult "Black resigns"]
[WhiteElo "1628"]
[BlackElo "2006"]
[Opening "Vienna: `Frankenstein-Dracula' variation"]
[ECO "C27"]
[NIC "VG.02"]
[Time "06:09:02"]
[TimeControl "120+12"]

1. e4 e5 2. Nc3 Nf6 3. Bc4 Nxe4 4. Qh5 Nd6 5. Bb3 Nc6 6. Nb5 g6 7. Qf3 f5 8.
Qd5 Qe7 9. Nxc7+ Kd8 10. Nxa8 b6 11. d3 Bb7 12. Nxb6 axb6 13. Qf3 Nd4 14.
Qg3 Bg7 15. Bg5 Bf6 16. Bxf6 Qxf6 17. Ba4 Bc6 18. Bb3 N6b5 19. c4 Nxb3 20.
axb3 Nd4 21. Ra6 f4 22. Qh3 Ke7 23. Rxb6 Ra8 24. Qxh7+ Qf7 25. Qh4+ Qf6 26.
Qxf6+ Kxf6 27. Kd2 Ra1 28. b4 Ke7 29. f3 g5 30. b5 Ba8 31. Ra6 Rxa6 32. bxa6
Nb3+ 33. Kc3 Nc5 34. a7 Na4+ 35. Kc2 Nb6 36. Ne2 Nc8 37. Ra1 {Black resigns}
1-0

[Event "GambitGuide"]
[Site "Internet Chess Club"]
[Date "2014.10.31"]
[Round "1"]
[White "JSBach"]
[Black "cohnan"]
[Result "1-0"]
[ICCResult "Black resigns"]
[WhiteElo "1641"]
[BlackElo "2006"]
[Opening "Vienna: `Frankenstein-Dracula' variation"]
[ECO "C27"]
[NIC "VG.02"]
[Time "06:10:28"]
[TimeControl "120+12"]

1. e4 e5 2. Nc3 Nf6 3. Bc4 Nxe4 4. Qh5 Nd6 5. Bb3 Nc6 6. Nb5 g6 7. Qf3 f5 8.
Qd5 Qe7 9. Nxc7+ Kd8 10. Nxa8 b6 11. d3 Bb7 12. Nxb6 axb6 13. Qf3 Bg7 14.
Be3 Kc7 15. Bd5 Nb4 16. Bxb6+ Kxb6 17. Qe3+ Kc7 18. Qc5+ Nc6 19. Nf3 Ra8 20.
c4 Ra5 21. Qe3 Nd4 22. Nxd4 exd4 23. Qxe7 {Black resigns} 1-0

[Event "GambitGuide"]
[Site "Internet Chess Club"]
[Date "2014.10.31"]
[Round "1"]
[White "JSBach"]
[Black "cohnan"]
[Result "1-0"]
[ICCResult "Black resigns"]
[WhiteElo "1641"]
[BlackElo "2006"]
[Opening "Vienna: `Frankenstein-Dracula' variation"]
[ECO "C27"]
[NIC "VG.02"]
[Time "06:11:23"]
[TimeControl "120+12"]

1. e4 e5 2. Nc3 Nf6 3. Bc4 Nxe4 4. Qh5 Nd6 5. Bb3 Nc6 6. Nb5 g6 7. Qf3 f5 8.
Qd5 Qe7 9. Nxc7+ Kd8 10. Nxa8 b6 11. d3 Bb7 12. Nxb6 axb6 13. Qf3 Kc7 14. c3
Bg7 15. Bd5 e4 16. dxe4 fxe4 17. Qg3 Be5 18. Qg4 Qf6 19. Ne2 Ne7 20. Bxb7
Nxb7 21. Qxe4 Nc5 22. Qc4 d5 23. Qb5 Nf5 24. f4 Bd6 25. O-O Re8 26. Qxe8
{Black resigns}
1-0

[Event "GambitGuide"]
[Site "Internet Chess Club"]
[Date "2014.10.31"]
[Round "1"]
[White "JSBach"]
[Black "cohnan"]
[Result "1-0"]
[ICCResult "Black resigns"]
[WhiteElo "1641"]
[BlackElo "2006"]
[Opening "Vienna: `Frankenstein-Dracula' variation"]
[ECO "C27"]
[NIC "VG.02"]
[Time "06:12:10"]
[TimeControl "120+12"]

1. e4 e5 2. Nc3 Nf6 3. Bc4 Nxe4 4. Qh5 Nd6 5. Bb3 Nc6 6. Nb5 g6 7. Qf3 f5 8.
Qd5 Qe7 9. Nxc7+ Kd8 10. Nxa8 b6 11. d3 e4 12. dxe4 Nxe4 13. Be3 f4 14. f3
Nd6 15. Ne2 Qxe3 16. Qg5+ Be7 17. Qxf4 Qxf4 18. Nxf4 Bb7 19. Nxb6 axb6 20.
Rd1 Kc7 21. Nd5+ Kd8 22. Nxb6 Re8 23. O-O Bf6 24. c3 Bg7 25. Rxd6
{Black resigns}
1-0